 Dungeon Crawl Stone Soup version 0.30-a0-585-g93115170b9 (webtiles) character file.

Game seed: 10413362892761946637

320868 hikkokomori the Eclecticist (level 21, 0/196 HPs)
             Began as an Octopode Conjurer on Jan 3, 2023.
             Was an Initiate of Gozag.
             Killed from afar by an ancient lich (73 damage)
             ... with a bolt of acid
             ... on level 5 of the Vaults.
             The game lasted 03:18:02 (49121 turns).

hikkokomori the Eclecticist (Octopode Conjurer)    Turns: 49121, Time: 03:18:03

Health: 0/196      AC: 34    Str: 12    XL:     21   Next: 51%
Magic:  39/43      EV: 12    Int: 55    God:    Gozag
Gold:   1736       SH: 13    Dex: 10    Spells: 5/57 levels left

rFire   + . .      SeeInvis +    F - +7 rapier of Light {venom, Int+9 Dex-5}
rCold   + + .      Faith    .    M - +1 kite shield {rPois}
rNeg    + + +      Spirit   .    z - +3 crown of Dyrovepreva {rElec Int+2 SInv}
rPois   ∞          Reflect  .    Y - amulet of magic regeneration
rElec   +          Harm     .    x - +6 ring of intelligence
rCorr   .          Rampage  .    d - ring "Igathrac" {Drain Fly rN+++ Int+6 Dex+3}
Will    ++...                    o - ring "Zejiata" {rC+ rN+ SInv}
Stlth   +++++++                  L - ring of ice
HPRegen 0.52/turn                Z - ring of Qerilat {Fire Drain rN+++}
MPRegen 0.68/turn                D - ring of willpower
                                 V - ring of protection from fire
                                 Q - ring of Sitiesafue {rC+ Str+6 Int+2 Stlth+}

@: about to teleport, statue-form, flying, very slightly contaminated, very slow
A: slow and powerful, torment resistance 1, boosted hp, almost no armour,
amphibious, 8 rings, camouflage 1, (gelatinous body 1), (nimble swimmer 1),
tentacles
}: 2/15 runes: decaying, serpentine
a: End Transformation, Renounce Religion, Potion Petition, Call Merchant, Bribe
Branch


You were on level 5 of the Vaults.
You worshipped Gozag.
Gozag was most pleased with you.
You were a living statue of rough stone.
You visited 6 branches of the dungeon, and saw 35 of its levels.
You also visited: Ice Cave.

You collected 17199 gold pieces.
You spent 4876 gold pieces at shops.
You paid 10587 gold pieces to Gozag.

Inventory:

Hand Weapons
 n - the +1 dagger of Magnificence {antimagic, Will+ Dex+3 SInv}
   (You found it on level 6 of the Dungeon)

   It reduces the magical energy of the wielder, and disrupts the spells and
   magical abilities of those it strikes.
   Natural abilities and divine invocations are not affected.
   Dex:       It affects your dexterity (+3).
   SInv:      It lets you see invisible.
   Will:      It increases your willpower.
 F - the +7 rapier of Light (weapon) {venom, Int+9 Dex-5}
   (You found it on level 2 of the Lair of Beasts)

   It poisons the flesh of those it strikes.
   Int:       It affects your intelligence (+9).
   Dex:       It affects your dexterity (-5).
Armour
 z - the +3 crown of Dyrovepreva (worn) {rElec Int+2 SInv}
   (You acquired it on level 3 of the Lair of Beasts)

   Int:       It affects your intelligence (+2).
   rElec:     It insulates you from electricity.
   SInv:      It lets you see invisible.
 M - a +1 kite shield of poison resistance (worn)
Jewellery
 d - the ring "Igathrac" (right tentacle) {Drain Fly rN+++ Int+6 Dex+3}
   (You found it on level 15 of the Dungeon)

   [ring of intelligence]

   Int:       It affects your intelligence (+6).
   Dex:       It affects your dexterity (+3).
   rN:        It renders you almost immune to negative energy.
   Fly:       It grants you flight.
   Drain:     It drains your maximum health when unequipped.
 k - a ring of ice
 o - the ring "Zejiata" (on tentacle) {rC+ rN+ SInv}
   (You bought it in a shop on level 4 of the Vaults)

   [ring of positive energy]

   rC:        It protects you from cold.
   rN:        It protects you from negative energy.
   SInv:      It lets you see invisible.
 x - a +6 ring of intelligence (left tentacle)
 D - a ring of willpower (on tentacle)
 H - a +4 ring of protection
 L - a ring of ice (on tentacle)
 N - a ring of wizardry
 Q - the ring of Sitiesafue (on tentacle) {rC+ Str+6 Int+2 Stlth+}
   (You bought it in a shop on level 2 of the Lair of Beasts)

   [ring of strength]

   Str:       It affects your strength (+6).
   Int:       It affects your intelligence (+2).
   rC:        It protects you from cold.
   Stlth:     It makes you more stealthy.
 V - a ring of protection from fire (on tentacle)
 W - a ring of willpower
 X - a +6 ring of intelligence
 Y - an amulet of magic regeneration (around mantle)
 Z - the ring of Qerilat (on tentacle) {Fire Drain rN+++}
   (You found it on level 3 of the Lair of Beasts)

   [ring of fire]

   It enhances your fire magic.
   rF:        It protects you from fire.
   rC:        It makes you vulnerable to cold.
   rN:        It renders you almost immune to negative energy.
   Drain:     It drains your maximum health when unequipped.
Wands
 u - a wand of quicksilver (27)
 B - a wand of charming (29)
 G - a wand of mindburst (24)
 S - a wand of flame (44)
 T - a wand of roots (24)
 U - a wand of polymorph (4)
Scrolls
 b - a scroll of blinking
 c - 2 scrolls of butterflies
 e - 2 scrolls of silence
 f - 7 scrolls of amnesia
 g - 5 scrolls of fear
 p - 4 scrolls of fog
 t - 15 scrolls of identify
 v - 15 scrolls of teleportation
 y - 2 scrolls of brand weapon
 A - a scroll of torment
 C - 7 scrolls of enchant armour
 J - 3 scrolls of poison
 O - 5 scrolls of magic mapping
 R - 3 scrolls of enchant weapon
Potions
 a - 3 potions of magic
 h - 6 potions of mutation
 i - 4 potions of haste
 j - 4 potions of invisibility
 l - 11 potions of curing
 m - 7 potions of might
 q - 4 potions of heal wounds
 r - 8 potions of attraction
 s - 5 potions of cancellation
 w - 9 potions of flight
 E - 6 potions of ambrosia
 K - 4 potions of brilliance
 P - 3 potions of resistance
Miscellaneous
 I - a condenser vane


   Skills:
 + Level 15.1 Fighting
 - Level 5.5 Short Blades
 - Level 5.3 Dodging
 - Level 12.1 Stealth
 - Level 14.1 Shields
 + Level 18.9 Spellcasting
 - Level 10.1 Conjurations
 - Level 6.3 Hexes
 - Level 10.1 Transmutations
 - Level 4.5 Fire Magic
 + Level 13.5 Ice Magic
 - Level 7.9 Air Magic
 - Level 5.1 Earth Magic
 - Level 7.1 Poison Magic
 - Level 6.1 Evocations


You had 5 spell levels left.
You knew the following spells:

 Your Spells              Type           Power      Damage    Failure   Level
a - Lee's Rapid Deconstr  Erth           41%        3d20*     1%          5
b - Irradiate             Conj/Tmut      52%        3d29      1%          5
c - Fulminant Prism       Conj/Hex       48%        3d21      1%          4
d - Olgreb's Toxic Radia  Pois           92%        N/A       1%          4
e - Swiftness             Air            96%        N/A       1%          3
f - Ignite Poison         Fire/Tmut/Pois 100%       N/A       1%          3
g - Freezing Cloud        Conj/Ice/Air   64%        6-21      1%          5
h - Statue Form           Tmut/Erth      62%        N/A       3%          6
i - Iskenderun's Mystic   Conj/Tloc      82%        2d16      1%          4
j - Ozocubu's Refrigerat  Ice            70%        4d23      1%          7
k - Eringya's Noxious Bo  Tmut/Pois      49%        N/A       1%          6

Your spell library contained the following spells:

 Spells                   Type           Power      Damage    Failure   Level
 Magic Dart               Conj           100%       1d8       0%          1
 Shock                    Conj/Air       100%       1d9       0%          1
 Sting                    Tmut/Pois      100%       1d8       0%          1
 Ensorcelled Hibernation  Hex/Ice        100%       N/A       0%          2
 Searing Ray              Conj           100%       2d8       0%          2
 Frozen Ramparts          Ice            100%       1d16      0%          3
 Ozocubu's Armour         Ice            100%       N/A       0%          3
 Foxfire                  Conj/Fire      100%       2x1d9     1%          1
 Slow                     Hex            100%       N/A       1%          1
 Call Imp                 Summ           51%        N/A       1%          2
 Passwall                 Tmut/Erth      78%        N/A       1%          2
 Poisonous Vapours        Pois/Air       100%       N/A       1%          2
 Sublimation of Blood     Necr           51%        N/A       1%          2
 Call Canine Familiar     Summ           51%        N/A       1%          3
 Confusing Touch          Hex            89%        N/A       1%          3
 Dazzling Flash           Conj/Hex       100%       N/A       1%          3
 Gell's Gravitas          Tloc           51%        N/A       1%          3
 Kindle Blastsparks       Fire/Tloc/Air  100%       2d18      1%          3
 Lesser Beckoning         Tloc           100%       N/A       1%          3
 Mephitic Cloud           Conj/Pois/Air  98%        N/A       1%          3
 Portal Projectile        Hex/Tloc       100%       N/A       1%          3
 Spider Form              Tmut/Pois      98%        N/A       1%          3
 Teleport Other           Tloc           51%        N/A       1%          3
 Vampiric Draining        Necr           51%        2d9       1%          3
 Vhi's Electric Charge    Tloc/Air       100%       N/A       1%          3
 Airstrike                Air            48%        2d(7-23)  1%          4
 Anguish                  Hex/Necr       36%        N/A       1%          4
 Ice Form                 Ice/Tmut       100%       N/A       1%          4
 Leda's Liquefaction      Hex/Erth       43%        N/A       1%          4
 Petrify                  Tmut/Erth      94%        N/A       1%          4
 Summon Ice Beast         Ice/Summ       100%       N/A       1%          4
 Alistair's Intoxication  Tmut/Pois      65%        N/A       1%          5
 Arcjolt                  Conj/Air       50%        1d60      1%          5
 Blade Hands              Tmut           52%        N/A       1%          5
 Fireball                 Conj/Fire      57%        3d22      1%          5
 Iskenderun's Battlesphe  Conj           100%       2d15      1%          5
 Metabolic Englaciation   Hex/Ice        63%        N/A       1%          5
 Silence                  Hex/Air        46%        N/A       1%          5
 Borgnjor's Vile Clutch   Necr/Erth      34%        N/A       4%          5
 Agony                    Necr           51%        N/A       13%         5
 Iron Shot                Conj/Erth      47%        9d9       3%          6
 Starburst                Conj/Fire      57%        6d15      3%          6
 Enfeeble                 Hex            44%        N/A       28%         7
 Spellforged Servitor     Conj/Summ      41%        N/A       45%         7
 Death Channel            Necr           25%        N/A       58%         6
 Maxwell's Capacitive Co  Air            48%        ∞         75%         8
 Ignition                 Fire           50%        3d14      99%         8
 Animate Armour           Summ/Erth      Unusable   N/A       N/A         4
 Animate Dead             Necr           Unusable   N/A       N/A         4
 Simulacrum               Ice/Necr       Unusable   N/A       N/A         6

Dungeon Overview and Level Annotations

Branches:
Dungeon (15/15)            Temple (0/1) D:4            Lair (5/5) D:11
  Swamp (4/4) Lair:3        Snake (4/4) Lair:3        Slime (0/5) Lair:5
    Orc (2/2) D:12            Elf (0/3) Orc:2        Vaults (4/5) D:13
  Crypt (0/3) Vaults:2     Depths (0/4) D:15          IceCv (visited)

Altars:
Ashenzari
Dithmenos
Elyvilon
Fedhas
Gozag
Kikubaaqudgha
Makhleb
Qazlal
Ru
Trog
Uskayaw
Wu Jian
Xom
Yredelemnul
Zin
Jiyva

Shops:
D:1 [   D:6 :   Orc:2 =[?[(   Lair:2 =   Snake:1 (   Snake:4 [
Vaults:4 (*!=:?**


Innate Abilities, Weirdness & Mutations

You are a living statue of rough stone.
Your actions are slow, but your melee attacks are powerful.
You are resistant to unholy torment.
Your maximum health is greatly increased.
You are immune to poison.
You cannot wear most types of armour.
You are amphibious.
You can wear up to eight rings at the same time.
Your skin changes colour to match your surroundings (Stealth+).
((Your rubbery body absorbs attacks. (AC +1, EV +1)))
((You are camouflaged when in or above water. (Stealth+)))
You have tentacles for arms and can constrict up to eight enemies at once.


Message History

The vault warden is moderately wounded.
The vault warden twists and deforms.
You are very lightly contaminated with residual magic.
The war gargoyle hits you but does no damage.
The ancient lich is engulfed in blazing flames.
The war gargoyle closely misses you.
The vault warden hits you but does no damage.
A swamp worm comes into view.
You block the ettin's attack. x2
The ettin is engulfed in blazing flames.
The shadow dragon bites you but does no damage.
The shadow dragon closely misses you.
The shadow dragon claws you but does no damage.
The frost giant is engulfed in blazing flames.
Something unseen opens the door.
The ancient lich points at you and mumbles some strange words.
The crystal spear hits you!!!
Unknown command.
A magical barricade bars your way!
Unknown command.
Blink to where?
Press: ? - help, Dir - move target
As you read the scroll of blinking, it crumbles to dust.
The ancient lich is engulfed in blazing flames.
The ettin is engulfed in blazing flames.
The vault warden is engulfed in blazing flames.
Casting: Irradiate (mildly dangerous; 1% risk of failure)
Confirm with . or Enter, or press ? or * to list all spells.
Okay, then.
Aiming: Fastroot
Press: ? - help, Shift-Dir - straight line, f - ettin
Aim: an ettin, wielding two +0 dire flails (moderately wounded)
Okay, then.
As you read the scroll of teleportation, it crumbles to dust.
You feel strangely unstable.
The vault warden is engulfed in blazing flames.
The ancient lich gestures at you while chanting.
The bolt of acid hits you!!!!
You die...
Your body crumbles into a pile of gold.

..!....$.$......
.....$$$§°☼§○§..
.....$$<°☼°☼°°§.
.....$$$<§§☼.$○.
#####$$D$9°§L§.#
......$..C§C§°# ######
.#$.$#.....p°§##......
.$..w#....###°○.......
#$#...#....# #.8.......
....s.#....##..........
$#. #....##......####
#......# #....##..
#....# ... #....#
.##$$$ #....# #$ $ $ $$
$$


You could see an ancient lich (fast, invisible), a vault warden (misshapen), 2
ettins and a war gargoyle.

Vanquished Creatures
  Saint Roka (Vaults:1)
  Vashnia (Snake:4)
  Rupert (D:15)
  A tentacled monstrosity (Vaults:4)
  Asterion (Vaults:2)
  3 sphinxes
  A tengu reaver (Vaults:4)
  2 shadow dragons (Vaults:4)
  Agnes (Snake:3)
  Kirke (Lair:5)
  A deep elf sorcerer (Vaults:4)
  8 nagarajas (Snake:4)
  A frost giant (Vaults:5)
  Louise (Snake:2)
  13 ironbound preservers
  2 orc warlords (Vaults:3)
  16 vault wardens
  2 ghouls (Swamp:3)
  10 very ugly things
  6 ironbound thunderhulks
  A vampire knight (Vaults:2)
  Nessos (Lair:4)
  A bunyip (Swamp:3)
  5 eleionomae
  8 dire elephants
  The ghost of Tischemav the Impaler, a journeyman DsFi of Fedhas (Lair:3)
  3 deep elf death magi
  2 ettins (Orc:1)
  11 yaktaur captains
  2 shambling mangroves (Swamp:4)
  6 great orbs of eyes
  4 ice dragons (Swamp:4)
  40 vault guards
  2 salamander tyrants (Snake:4)
  3 ogre magi
  11 hydras
  10 ironbound frosthearts
  15 anacondas
  2 caustic shrike simulacra (IceCv)
  4 catoblepae
  9 centaur warriors
  A ghost crab (Lair:3)
  11 two-headed ogres
  2 boulder beetles
  8 alligators
  17 naga warriors
  10 death yaks (Lair:5)
  4 orc high priests
  5 tengu warriors
  Nergalle (Orc:1)
  16 naga sharpshooters
  5 shock serpents
  Sonja (D:12)
  A fire crab (Lair:5)
  2 salamander mystics (Snake:4)
  4 goliath frogs
  A spriggan druid (Swamp:4)
  5 naga ritualists
  2 glowing orange brains (Vaults:4)
  An orange crystal statue (IceCv)
  2 bog bodies
  3 sea snakes (Snake:4)
  38 deep trolls
  A deep elf archer (D:13)
  4 lindwurms
  6 wizards
  A swamp dragon (Swamp:4)
  19 ironbound convokers
  4 necromancers
  2 deep elf pyromancers
  10 mana vipers
  40 ugly things
  5 orc knights
  5 orc sorcerers
  15 salamanders
  2 cyclopes
  A spectral boulder beetle (Lair:3)
  6 manticores
  A mana viper (shapeshifter) (Vaults:3)
  A will-o-the-wisp (Swamp:4)
  37 black mambas
  A stone giant skeleton (Vaults:4)
  Maurice (D:8)
  6 elephants (Lair:2)
  2 centaur zombies (D:15)
  20 vault sentinels
  8 cane toads
  A gargoyle (D:13)
  18 naga magi
  A torpor snail (Lair:4)
  14 guardian serpents
  A cane toad (shapeshifter) (D:14)
  Maggie (D:7)
  An unseen horror (D:12)
  A centaur skeleton (D:15)
  6 komodo dragons
  3 kobold demonologists
  5 rime drakes (Lair:3)
  31 yaktaurs
  9 freezing wraiths
  A tengu conjurer (D:13)
  7 trolls
  6 meliai (D:14)
  A queen bee (D:9)
  A bloated husk (Swamp:1)
  17 blink frogs
  A wolf spider simulacrum (D:15)
  8 hornets
  A merfolk (shapeshifter) (D:15)
  A wind drake (shapeshifter) (D:15)
  5 tyrant leeches
  13 dream sheep
  A dream sheep (shapeshifter) (Vaults:5)
  2 spectral black mambas (Lair:3)
  45 slime creatures
  3 shadows
  A dire elephant simulacrum (IceCv)
  6 wyverns
  5 basilisks
  55 yaks
  3 spriggans
  2 wraiths
  3 humans
  A swamp worm simulacrum (Swamp:4)
  2 hogs (Lair:5)
  A basilisk (shapeshifter) (D:15)
  A death yak simulacrum (Lair:3)
  An ogre zombie (Vaults:4)
  10 vampire mosquitoes
  4 wargs
  An elf skeleton (Vaults:4)
  A harpy simulacrum (IceCv)
  A human zombie (Vaults:4)
  9 swamp worms
  38 nagas
  14 hydra simulacra
  3 acid dragons
  17 water moccasins
  31 orc warriors
  A swamp drake (Swamp:2)
  3 black bears
  3 alligator simulacra (IceCv)
  A sky beast (D:7)
  8 ogres
  13 wolves
  11 centaurs
  6 kobold brigands
  A phantom (D:6)
  A spectral wyvern (Lair:3)
  9 bullfrogs
  A necrophage (Swamp:3)
  3 gnoll sergeants (D:9)
  2 scorpions
  6 wights (D:10)
  A blink frog simulacrum (Lair:3)
  36 killer bees
  6 howler monkeys
  3 electric eels
  9 hounds
  15 orc priests
  2 gnoll boudas
  2 jellies (Lair:5)
  Natasha (thrice) (D:4)
  2 iguanas (D:6)
  23 orc wizards
  4 hell rats (Lair:5)
  17 gnolls
  5 adders
  A shadow imp (D:6)
  2 white imps
  7 swamp drake simulacra (Swamp:4)
  5 worms
  A dart slug (D:1)
  67 orcs
  8 ball pythons
  6 endoplasms
  6 giant cockroaches
  11 goblins
  7 hobgoblins
  12 jackals
  17 kobolds
  3 quokkas (D:2)
  2 bats (D:1)
  6 frilled lizards
  8 rats
  A fulminant prism (IceCv)
1334 creatures vanquished.

Vanquished Creatures (others)
  A bloated husk (Swamp:1)
  A hornet (Swamp:4)
  A spriggan (Swamp:4)
  A human (Lair:5)
  2 jellies (Lair:5)
  3 endoplasms (Lair:5)
  3 bushes (Lair:5)
  2 foxfires (Swamp:4)
  97 fulminant prisms
  28 fungi
  73 plants
  6 toadstools (Lair:4)
218 creatures vanquished.

Grand Total: 1552 creatures vanquished

Notes
Turn   | Place    | Note
-------+----------+-------------------------------------------
     0 | D:1      | hikkokomori the Octopode Conjurer began the quest for the
                  | Orb.
     0 | D:1      | Reached XP level 1. HP: 11/11 MP: 3/3
   200 | D:1      | Reached XP level 2. HP: 15/17 MP: 0/5
   251 | D:1      | Learned a level 2 spell: Searing Ray
   598 | D:1      | Reached XP level 3. HP: 21/21 MP: 2/6
   931 | D:1      | Found Beal's Antique Armour Shoppe.
  1192 | D:2      | Noticed a scorpion
  1198 | D:2      | Killed a scorpion
  1199 | D:2      | Reached skill level 1 in Fighting
  1199 | D:2      | Reached skill level 5 in Conjurations
  1199 | D:2      | Reached XP level 4. HP: 13/28 MP: 0/7
  1311 | D:2      | Noticed a black bear
  1327 | D:2      | Killed a black bear
  1328 | D:2      | Reached XP level 5. HP: 35/35 MP: 2/8
  1390 | D:2      | Learned a level 4 spell: Fulminant Prism
  1475 | D:2      | Found a faded altar of an unknown god.
  1642 | D:2      | Found an opulent altar of Gozag.
  1667 | D:2      | Became a worshipper of Gozag Ym Sagoz the Greedy
  2552 | D:3      | Found a blossoming altar of Fedhas.
  2712 | D:3      | Reached XP level 6. HP: 41/41 MP: 5/9
  3053 | D:3      | Found a glowing silver altar of Zin.
  3173 | D:3      | Found a white marble altar of Elyvilon.
  3484 | D:4      | Reached skill level 1 in Hexes
  4020 | D:4      | Found a shimmering altar of Xom.
  4023 | D:4      | Found a bloodstained altar of Trog.
  4032 | D:4      | Found a shadowy altar of Dithmenos.
  4035 | D:4      | Found a basalt altar of Yredelemnul.
  4128 | D:4      | Noticed Natasha
  4136 | D:4      | Killed Natasha
  4238 | D:4      | Found a staircase to the Ecumenical Temple.
  4288 | D:4      | Noticed Natasha
  4295 | D:4      | Killed Natasha
  4485 | D:4      | Noticed Natasha
  4490 | D:4      | Killed Natasha
  4554 | D:5      | Entered Level 5 of the Dungeon
  4648 | D:5      | Reached XP level 7. HP: 47/47 MP: 6/10
  4810 | D:5      | Found an ornate altar of the Wu Jian Council.
  6446 | D:6      | Reached XP level 8. HP: 54/54 MP: 5/11
  6533 | D:6      | Reached skill level 5 in Fighting
  6533 | D:6      | Noticed a troll
  6821 | D:6      | Identified the +1 dagger of Magnificence {antimagic, Will+
                  | Dex+3 SInv}
  6867 | D:6      | Found Reapsoa's Book Shop.
  6924 | D:6      | Bought the Unrestrained Analects for 528 gold pieces
  7111 | D:6      | Found a hide-covered altar of Uskayaw.
  7512 | D:6      | Bought a book of Burglary for 240 gold pieces
  7517 | D:6      | Learned a level 4 spell: Olgreb's Toxic Radiance
  7545 | D:7      | Found an ancient bone altar of Kikubaaqudgha.
  7556 | D:7      | Reached skill level 1 in Poison Magic
  7560 | D:7      | Noticed Maggie
  7681 | D:7      | Killed Maggie
  7682 | D:7      | Reached skill level 3 in Spellcasting
  7682 | D:7      | Reached skill level 5 in Hexes
  7772 | D:7      | Reached XP level 9. HP: 61/61 MP: 4/14
  7935 | D:7      | Reached skill level 4 in Spellcasting
  8311 | D:7      | Learned a level 3 spell: Swiftness
  8913 | D:8      | Reached skill level 5 in Poison Magic
  8920 | D:7      | Learned a level 3 spell: Ignite Poison
  9077 | D:8      | Noticed Maurice
  9081 | D:8      | Killed Maurice
  9082 | D:8      | Reached skill level 5 in Spellcasting
  9663 | D:8      | Reached XP level 10. HP: 57/66 MP: 1/18
  9666 | D:8      | Reached skill level 6 in Spellcasting
 10479 | D:9      | Reached skill level 5 in Transmutations
 10479 | D:9      | Reached skill level 5 in Air Magic
 10747 | D:9      | Found an opulent altar of Gozag.
 10978 | D:9      | Found a broken altar of Ashenzari.
 11315 | D:9      | Noticed a two-headed ogre
 11354 | D:9      | Killed a two-headed ogre
 11355 | D:9      | Reached XP level 11. HP: 75/75 MP: 8/20
 11446 | D:9      | Noticed a two-headed ogre
 11452 | D:9      | Killed a two-headed ogre
 11453 | D:9      | Reached skill level 1 in Fire Magic
 11556 | D:9      | Noticed a two-headed ogre
 11560 | D:9      | Killed a two-headed ogre
 12021 | D:9      | Found a burning altar of Makhleb.
 12041 | D:10     | Entered Level 10 of the Dungeon
 12122 | D:10     | Found a sacrificial altar of Ru.
 12159 | D:10     | Noticed a cyclops
 12163 | D:10     | Killed a cyclops
 12704 | D:10     | Noticed a two-headed ogre
 12842 | D:10     | Killed a two-headed ogre
 14076 | D:11     | Found a staircase to the Lair.
 14106 | D:11     | Reached XP level 12. HP: 84/84 MP: 7/22
 14254 | D:11     | Reached skill level 7 in Spellcasting
 14336 | D:11     | Reached skill level 5 in Stealth
 15204 | D:11     | Learned a level 2 spell: Passwall
 15210 | D:11     | Learned a level 5 spell: Freezing Cloud
 15536 | D:12     | Reached skill level 1 in Ice Magic
 15536 | D:12     | Reached skill level 1 in Earth Magic
 15638 | D:12     | Noticed Sonja
 15640 | D:12     | Noticed a boulder beetle
 15791 | Lair:1   | Entered Level 1 of the Lair of Beasts
 15859 | Lair:1   | Reached skill level 5 in Dodging
 16504 | Lair:1   | You fall into a shaft and drop 1 floor!
 16586 | Lair:2   | Reached skill level 8 in Spellcasting
 17078 | Lair:2   | Reached skill level 5 in Ice Magic
 17099 | Lair:2   | Noticed a dire elephant
 17867 | Lair:2   | Killed a dire elephant
 18058 | Lair:1   | HP: 4/85 [poisoned by a black mamba]
 18062 | Lair:1   | Reached skill level 9 in Spellcasting
 18068 | Lair:1   | Reached XP level 13. HP: 44/90 MP: 14/26
 18679 | Lair:2   | Identified the +7 rapier of Light {venom, Int+9 Dex-5}
 19333 | Lair:3   | Noticed Tischemav's ghost (journeyman DsFi)
 19365 | Lair:3   | Identified a scroll of acquirement
 19365 | Lair:3   | Acquired the +3 crown of Dyrovepreva {rElec Int+2 SInv}
 19365 | Lair:3   | Found the +3 crown of Dyrovepreva {rElec Int+2 SInv}
 19395 | Lair:3   | Found a runed translucent gate.
 19395 | Lair:3   | Found a runed translucent gate.
 19395 | Lair:3   | Found a runed translucent gate.
 19518 | Lair:3   | Found a staircase to the Snake Pit.
 20059 | D:12     | Killed Sonja
 20060 | D:12     | Reached skill level 10 in Spellcasting
 20173 | D:12     | Identified the +1 short sword "Viudgh" {drain, rN+++ Will+
                  | Int+3}
 20661 | D:12     | Learned a level 6 spell: Statue Form
 20692 | D:12     | Found a staircase to the Orcish Mines.
 21154 | Orc:1    | Entered Level 1 of the Orcish Mines
 21270 | Orc:2    | Entered Level 2 of the Orcish Mines
 21428 | Orc:2    | Found Xuwourghe's Antique Weapon Shop.
 21484 | Orc:2    | Found a staircase to the Elven Halls.
 22382 | Orc:2    | Found Jarekun's Armour Boutique.
 22382 | Orc:2    | Found Ugium's Jewellery Boutique.
 22384 | Orc:2    | Found Erro's Antique Armour Shoppe.
 22384 | Orc:2    | Found Diyhum's Magic Scroll Shoppe.
 22427 | Orc:2    | Bought a scroll of identify for 26 gold pieces
 22427 | Orc:2    | Bought a scroll of magic mapping for 97 gold pieces
 22427 | Orc:2    | Bought a scroll of amnesia for 52 gold pieces
 22429 | Orc:2    | Bought a +4 ring of protection for 396 gold pieces
 22429 | Orc:2    | Bought a ring of willpower for 275 gold pieces
 22563 | Orc:2    | Bought a scroll of identify for 26 gold pieces
 22563 | Orc:2    | Bought a scroll of identify for 26 gold pieces
 22732 | Orc:1    | Noticed an ettin
 22741 | Orc:1    | Killed an ettin
 22753 | Orc:1    | Reached XP level 14. HP: 48/97 MP: 5/28
 23065 | Orc:1    | Reached skill level 11 in Spellcasting
 23263 | Orc:1    | Noticed Nergalle
 23268 | Orc:1    | Reached skill level 5 in Earth Magic
 23269 | Orc:1    | Killed Nergalle
 23702 | Lair:2   | Learned a level 4 spell: Iskenderun's Mystic Blast
 23705 | Lair:2   | Bought the ring of Sitiesafue {rC+ Str+6 Int+2 Stlth+} for
                  | 627 gold pieces
 23705 | Lair:2   | Bought a +6 ring of intelligence for 396 gold pieces
 24012 | Lair:3   | Found a staircase to the Swamp.
 24571 | Lair:3   | Killed Tischemav's ghost
 24616 | Lair:3   | Got the ring of Qerilat {Fire Drain rN+++}
 24746 | Lair:4   | Noticed Nessos
 24753 | Lair:4   | Reached skill level 1 in Evocations
 24754 | Lair:4   | Killed Nessos
 24755 | Lair:4   | Reached skill level 1 in Short Blades
 25139 | Lair:4   | Noticed a dire elephant
 25140 | Lair:4   | Noticed a dire elephant
 25148 | Lair:4   | Found a runed translucent door.
 25525 | Lair:4   | Killed a dire elephant
 25525 | Lair:4   | Killed a dire elephant
 25638 | Lair:5   | Entered Level 5 of the Lair of Beasts
 25642 | Lair:5   | Noticed Kirke
 25647 | Lair:5   | Killed Kirke
 25688 | Lair:5   | Reached skill level 12 in Spellcasting
 25724 | Lair:5   | Found a viscous altar of Jiyva.
 25724 | Lair:5   | Found a staircase to the Slime Pits.
 26200 | Lair:5   | Reached XP level 15. HP: 101/101 MP: 22/31
 26204 | Lair:5   | Reached skill level 5 in Evocations
 26306 | Lair:5   | Reached skill level 5 in Short Blades
 26546 | Lair:5   | Reached skill level 10 in Conjurations
 26587 | Lair:5   | Found a shimmering altar of Xom.
 27217 | Lair:5   | Learned a level 7 spell: Ozocubu's Refrigeration
 27311 | Snake:1  | Entered Level 1 of the Snake Pit
 27810 | Snake:1  | Found Eleis's Weapon Shop.
 28550 | Swamp:1  | Entered Level 1 of the Swamp
 28925 | Swamp:1  | Reached skill level 13 in Spellcasting
 29065 | Swamp:1  | You fall into a shaft and drop 1 floor!
 29491 | D:13     | Reached skill level 10 in Ice Magic
 29844 | D:13     | Found a gate to the Vaults.
 29848 | D:13     | Reached XP level 16. HP: 108/108 MP: 13/33
 30068 | D:14     | Found a frozen archway.
 30075 | IceCv    | Entered an ice cave
 30087 | IceCv    | Found a transporter.
 30115 | IceCv    | Found a transporter.
 30425 | IceCv    | Learned a level 5 spell: Lee's Rapid Deconstruction
 30541 | D:14     | Found a gate leading to a gauntlet.
 30659 | D:14     | Found a shimmering altar of Xom.
 31101 | D:14     | Reached skill level 14 in Spellcasting
 31666 | D:15     | Entered Level 15 of the Dungeon
 32078 | D:15     | Found a staircase to the Depths.
 32169 | D:15     | Identified the ring "Igathrac" {Drain Fly rN+++ Int+6
                  | Dex+3}
 32608 | D:15     | Noticed Rupert
 32613 | D:15     | Killed Rupert
 32614 | D:15     | Reached skill level 10 in Fighting
 33024 | Snake:2  | Reached XP level 17. HP: 115/115 MP: 13/35
 33723 | Snake:2  | Noticed Louise
 33727 | Snake:2  | Killed Louise
 33957 | Snake:2  | Reached skill level 1 in Shields
 34393 | Snake:2  | Found a stormy altar of Qazlal.
 35145 | Snake:3  | Noticed Agnes
 35148 | Snake:3  | Killed Agnes
 35149 | Snake:3  | Reached skill level 5 in Shields
 35608 | Snake:3  | Identified the +11 sling of Youthful Indiscretion {freeze,
                  | rF+}
 37543 | Swamp:3  | Reached skill level 15 in Spellcasting
 37636 | Swamp:3  | Reached XP level 18. HP: 122/122 MP: 8/37
 37955 | Swamp:4  | Entered Level 4 of the Swamp
 37958 | Swamp:4  | Reached skill level 10 in Shields
 39455 | Swamp:4  | Got a decaying rune of Zot
 39724 | Snake:4  | Entered Level 4 of the Snake Pit
 39750 | Snake:4  | Learned a level 5 spell: Irradiate
 40107 | Snake:4  | Noticed Vashnia
 40130 | Snake:4  | Reached skill level 16 in Spellcasting
 40590 | Snake:4  | Found Eqoarchorr's Armour Emporium.
 40708 | Snake:4  | Killed Vashnia
 40835 | Snake:4  | Reached skill level 10 in Transmutations
 40967 | Snake:4  | Got a serpentine rune of Zot
 41073 | Snake:4  | Reached XP level 19. HP: 127/127 MP: 31/39
 41597 | Vaults:1 | Entered Level 1 of the Vaults
 41621 | Vaults:1 | Noticed Saint Roka
 41629 | Vaults:1 | Killed Saint Roka
 43494 | Vaults:2 | Reached skill level 17 in Spellcasting
 43819 | Vaults:2 | Acquired 1307 gold pieces
 44237 | Vaults:2 | Noticed Asterion
 44240 | Vaults:2 | Reached XP level 20. HP: 130/138 MP: 3/41
 44287 | Vaults:2 | Killed Asterion
 45040 | Vaults:2 | Found a staircase to the Crypt.
 46661 | Vaults:4 | Reached skill level 18 in Spellcasting
 46821 | Vaults:4 | Reached skill level 10 in Stealth
 47994 | Vaults:4 | Reached XP level 21. HP: 135/148 MP: 28/43
 48719 | Vaults:4 | Bought a potion of curing for 42 gold pieces
 48721 | Vaults:4 | Bought 3 scrolls of fear for 300 gold pieces
 48721 | Vaults:4 | Bought a potion of haste for 250 gold pieces
 48721 | Vaults:4 | Bought a translucent graven amulet for 125 gold pieces
 48721 | Vaults:4 | Identified the amulet of No Interval {Faith rN+ Str+2} (You
                  | bought it in a shop on level 4 of the Vaults)
 48731 | Vaults:4 | Bought a wand of quicksilver (7) for 441 gold pieces
 48735 | Vaults:4 | Bought a potion of cancellation for 152 gold pieces
 48735 | Vaults:4 | Bought a potion of heal wounds for 95 gold pieces
 48735 | Vaults:4 | Bought a potion of cancellation for 152 gold pieces
 48735 | Vaults:4 | Bought a potion of curing for 57 gold pieces
 48746 | Vaults:4 | Learned a level 6 spell: Eringya's Noxious Bog
 48792 | Vaults:4 | Bought the ring "Zejiata" {rC+ rN+ SInv} for 573 gold
                  | pieces
 48873 | Vaults:5 | Entered Level 5 of the Vaults
 49002 | Vaults:5 | Reached skill level 15 in Fighting
 49116 | Vaults:5 | Noticed an ancient lich
 49121 | Vaults:5 | Killed from afar by an ancient lich

Illustrated notes

Levels and vault maps discovered:
D:1:      eino_arrival_cavern_d, layout_basic, serial_shops,
          nicolae_shop_temple_entry_statues_fountains,
          chequers_serial_rivers_micro_d
D:2:      layout_loops_ring, hellmonk_ecumenical_altar_blasted, basic_altar,
          minmay_vboxes
D:3:      layout_basic, mainiacjoe_overflow_catwalk,
          lemuel_coloured_pillars_altar, old_standard_altar
D:4:      layout_basic, grunt_temple_overflow_cloverleaf,
          minmay_temple_entry_hall, nicolae_wormholes, uniq_natasha
D:5:      layout_layer_cave, mainiacjoe_overflow_tiny_flanked
D:6:      layout_rooms, nicolae_uskayaw_dance_studio, serial_shops,
          nicolae_shop_behind_doors, kennysheep_path_1
D:7:      layout_rooms, mainiacjoe_overflow_concentric_impassable,
          kennysheep_diamond, uniq_maggie
D:8:      layout_cave_pools, uniq_maurice
D:9:      minmay_polygon_palace, layout_basic,
          nicolae_gozag_cash_rules_everything_around_me, lightli_temple_of_fire,
          cheibrodos_ashenzari_chains, special_room [special_room_bee]
D:10:     layout_basic, nicolae_ru_the_path_less_chosen
D:11:     layout_layer_cave, lair_entry_dummy
D:12:     layout_long_grid, minmay_orc_entry_temple_small,
          minmay_misc_feat_columns, uniq_sonja
D:13:     layout_rooms, grunt_vaults_entry_fortified,
          dreamdust_deal_with_the_devil
D:14:     layout_roguey, xom_teletrap_fun, portal_ice_cave_entry_pillars_three,
          gauntlet_entry_generic, grunt_potential
D:15:     grunt_enter_depths_magical_seal, layout_basic, serial_park_tiny_pond,
          uniq_rupert
Lair:1:   layout_cave_pods, lemuel_fruit_tree
Lair:2:   layout_cave_shapes, nicolae_lair_grazing_beasts
          [nicolae_sub_lair_graze_edge, nicolae_sub_lair_graze_edge,
          nicolae_sub_lair_graze_edge, nicolae_sub_lair_graze_edge]
Lair:3:   layout_loops_ring, nicolae_swamp_entry_spooky,
          guppyfry_snake_entry_island, gammafunk_ghost_icy
Lair:4:   gammafunk_lair_enchanted_lake, layout_misc_corridors, uniq_nessos
Lair:5:   evilmike_catoblepas_cave, layout_regular_city,
          nicolae_slime_entry_slimehenge, basic_altar,
          grunt_forest_large_clearing_hut, uniq_kirke
Swamp:1:  layout_falls_marsh, evilmike_swamp_ruin_house_3, swamp_pool1
Swamp:2:  layout_basic_swamp, evilmike_swamp_ruin_house_5
Swamp:3:  layout_falls_marsh, evilmike_swamp_ruin_house_2,
          infiniplex_staircase_pool
Swamp:4:  swamp_icy, layout_basic_swamp, swamp_pool2
Snake:1:  layout_onion_interference, serial_shops, nicolae_square_shop
Snake:2:  layout_chambers, basic_altar, uniq_louise
Snake:3:  layout_cave_town, st_stairs_14, uniq_agnes
Snake:4:  grunt_snake_rune_serpentine_throne, layout_basic, serial_shops,
          nicolae_shop_advertising_works [nicolae_subvault_shop_adworks],
          minmay_snake_pond
Orc:1:    layout_diamond_mine, basic_altar, mines2_lemuel, uniq_nergalle
Orc:2:    st_orc_elflike, layout_caves, serial_shops, nicolae_shop_hallway_plus
Vaults:1: hangedman_vaults_variations, v_pattern_4, v_misc_27,
          hangedman_vaults_locks, nicolae_vaults_little_squares_5,
          ontoclasm_vaults_loading_screen, v_misc_8,
          nicolae_vaults_little_squares_4, vaults_room_fours,
          layout_vaults_omnigrid, uniq_saint_roka
Vaults:2: minmay_crypt_entry_simple_statues, hangedman_vaults_capsules,
          vaults_room_pool, vaults_room_fours, v_misc_18,
          nicolae_vaults_network_barrier, vaults_mumra_hex,
          nicolae_vaults_specimen_jars, vaults_room_stairs_pillars,
          ontoclasm_vaults_hangar, v_rooms_1, grunt_vaults_hallway_long,
          nicolae_vaults_little_squares_5, nicolae_vaults_asterisk,
          layout_vaults_ring, uniq_asterion
Vaults:3: st_lattice, vaults_dpeg_emergency_exit, vaults_mumra_minichess,
          nicolae_vaults_border_crossing, vaults_room_fancy_cross,
          vaults_room_semicircle, v_misc_29, v_misc_1, ontoclasm_vaults_idyll,
          v_misc_29, ontoclasm_vaults_decontamination,
          ontoclasm_vaults_ring_small, layout_vaults_omnibox
Vaults:4: vaults_dpeg_spiral, vaults_room_corners, v_pattern_3,
          nicolae_vaults_network_star, grunt_vaults_hallway_long,
          vaults_standard_mumra_x, nicolae_vaults_ring_of_whatevers, v_misc_27,
          nicolae_vaults_ring_of_whatevers, layout_vaults_omnicross
Vaults:5: uniq_mara

Skill      XL: |  1  2  3  4  5  6  7  8  9 10 11 12 13 14 15 16 17 18 19 20 21 |
---------------+----------------------------------------------------------------+-----
Stealth        | 3 4 6 11 12 | 12.1
Fighting       | 1 2 3 4 5 7 8 9 10 12 14 15 | 15.1
Conjurations   | 5 6 7 8 9 10 | 10.1
Hexes          | 2 3 5 6 |  6.3
Poison Magic   | 3 5 6 7 |  7.1
Spellcasting   | 3 5 6 9 10 12 13 14 15 16 17 18 | 18.9
Transmutations | 3 6 7 8 10 | 10.1
Air Magic      | 3 6 7 |  7.9
Fire Magic     | 4 |  4.5
Dodging        | 3 5 |  5.3
Ice Magic      | 5 7 10 12 13 | 13.5
Earth Magic    | 2 4 5 |  5.1
Evocations     | 4 6 |  6.1
Short Blades   | 4 5 |  5.5
Shields        | 9 12 13 14 | 14.1

Action                   |  1- 3 |  4- 6 |  7- 9 | 10-12 | 13-15 | 16-18 | 19-21 || total
-------------------------+-------+-------+-------+-------+-------+-------+-------++-------
Melee: Unarmed           |     4 |       |       |       |       |       |       ||     4
       Constrict         |     3 |     3 |    10 |    16 |    22 |    19 |    26 ||    99
       Short sword       |     3 |     6 |    41 |    85 |    68 |       |       ||   203
       Tentacles         |     1 |     2 |    15 |    26 |    48 |    74 |    73 ||   239
       Punch             |       |       |     1 |     2 |     5 |     4 |     8 ||    20
       Rapier            |       |       |       |       |   135 |   241 |   181 ||   557
 Fire: Sling             |       |    56 |    13 |       |       |       |       ||    69
       Longbow           |       |       |     2 |       |       |       |       ||     2
Throw: Stone             |       |     1 |       |       |       |       |       ||     1
 Cast: Magic Dart        |    46 |    67 |    58 |    34 |    22 |       |       ||   227
       Searing Ray       |     1 |    18 |    24 |       |       |       |       ||    43
       Fulminant Prism   |       |       |    29 |    34 |    18 |    15 |     2 ||    98
       Olgreb's Toxic Ra |       |       |     5 |    71 |    96 |    17 |    64 ||   253
       Ignite Poison     |       |       |     4 |    58 |    89 |    23 |    86 ||   260
       Swiftness         |       |       |       |     5 |     1 |       |       ||     6
       Freezing Cloud    |       |       |       |     6 |    52 |    22 |     6 ||    86
       Statue Form       |       |       |       |       |    28 |    46 |    32 ||   106
       Iskenderun's Myst |       |       |       |       |     4 |    10 |     1 ||    15
       Ozocubu's Refrige |       |       |       |       |    35 |   216 |   122 ||   373
       Lee's Rapid Decon |       |       |       |       |       |    46 |     3 ||    49
       Irradiate         |       |       |       |       |       |     2 |     9 ||    11
       Eringya's Noxious |       |       |       |       |       |       |     2 ||     2
Invok: Call Merchant     |       |       |       |       |     1 |       |     8 ||     9
       Potion Petition   |       |       |       |       |       |     2 |       ||     2
Evoke: Wand              |       |       |     2 |     3 |     3 |    14 |     1 ||    23
       Condenser vane    |       |       |       |     1 |       |     4 |     2 ||     7
  Use: Scroll            |       |     4 |    16 |     3 |    12 |    10 |     4 ||    49
       Potion            |       |       |     1 |     9 |     3 |     9 |       ||    22
 Stab: Sleeping          |       |     1 |       |     1 |     7 |    13 |    11 ||    33
       Distracted        |       |       |       |       |     4 |     1 |     1 ||     6
Armor: Skin              |       |     5 |     2 |     4 |   161 |   376 |   186 ||   734
Dodge: Dodged            |     5 |    25 |    36 |    61 |   194 |   285 |   132 ||   738
Block: Other             |       |     9 |     9 |    21 |    29 |       |       ||    68
       Reflection        |       |       |       |     1 |     3 |       |       ||     4
       Kite shield       |       |       |       |       |       |   146 |   214 ||   360

Table legend: (Time is in decaauts)
 A = Elapsed time spent in this place.
 B = Non-inter-level travel time spent in this place.
 C = Inter-level travel time spent in this place.
 D = Time resting spent in this place.
 E = Time spent auto-exploring this place.
 F = Levels seen in this place.
 G = Mean time per level.
                   A        B        C        D        E       F      G
               +--------+--------+--------+--------+--------+-----+--------+
         Total |  52195 |  49530 |   2665 |   8805 |  31951 |  36 | 1449.9 |
       Dungeon |  20778 |  19638 |   1140 |   3648 |  13184 |  15 | 1385.2 |
          Lair |   8867 |   7994 |    873 |   1231 |   5299 |   5 | 1773.4 |
         Swamp |   3929 |   3792 |    137 |    617 |   2462 |   4 |  982.2 |
     Snake Pit |   7306 |   7084 |    222 |   1038 |   4513 |   4 | 1826.5 |
  Orcish Mines |   2392 |   2287 |    105 |    595 |   1275 |   2 | 1196.0 |
        Vaults |   8402 |   8217 |    185 |   1459 |   5217 |   5 | 1680.4 |
      Ice Cave |    517 |    517 |      0 |    216 |      0 |   1 |  517.0 |
               +--------+--------+--------+--------+--------+-----+--------+

Top non-repeatable levels by time:
Vaults:4: 2792 daAuts
 Snake:2: 2460 daAuts
  Lair:3: 2290 daAuts
  Lair:2: 2077 daAuts
     D:9: 1941 daAuts
Vaults:2: 1937 daAuts
Vaults:1: 1894 daAuts
 Snake:4: 1885 daAuts
  Lair:5: 1860 daAuts
     D:5: 1849 daAuts
    D:11: 1844 daAuts
Vaults:3: 1737 daAuts
    D:10: 1644 daAuts
  Lair:1: 1633 daAuts
 Swamp:4: 1617 daAuts
